AoeStats
← Jazzmushroom

Lombardia

508792321Analyzed
4v4 RM · 9d ago on Sep 24, 2026· 28m 6s· 8 players
Game mode
Random Map
Map size
Large (8 player)
Population
200
Speed
Normal
Resources
Standard
Victory
Conquest
Starting age
Dark Age
Ending age
Imperial Age
RankedLock teamsTeams togetherTeam positionsShared explorationLock speedFull tech treeHidden civsTurbo modeCheats
Victory
Defeat
🇺🇸 Varangians · United States
1292
+19
🇯🇵 Britons · Japan
1285
+19
🇺🇸 Aztecs · United States
1270
+20
🇹🇼 Magyars · Taiwan
1206
+22
🇺🇸 Vietnamese · United States
1399
-22
🇨🇦 Mapuche · Canada
1385
-21
🇺🇸 Inca · United States
1360
-20
🇧🇴 Khitans · Bolivia
1271
-17
Jazzmushroom
8:57 Loom
10:56 Feudal Age
15:53 Castle Age
14:16 Double-Bit Axe
14:22 Horse Collar
16:50 Bow Saw
20:48 Wheelbarrow
20:25 Gold Mining
23:13 Heavy Plow
24:43 Town Watch
25:46 Hand Cart
sada-aki
6:10 Loom
8:24 Feudal Age
8:50 Double-Bit Axe
12:47 Fletching
16:08 Padded Archer Armor
18:43 Gold Mining
19:01 Horse Collar
Maverick8564
7:37 Loom
11:35 Feudal Age
15:35 Castle Age
13:44 Double-Bit Axe
13:41 Horse Collar
16:39 Bow Saw
16:55 Heavy Plow
18:29 Wheelbarrow
20:47 Forging
23:24 Hand Cart
24:37 Town Watch
25:25 Gold Mining
28:37 Imperial Age
26:57 Gold Shaft Mining
26:45 Scale Mail Armor
27:20 Iron Casting
26:36 Fletching
26:50 Scale Mail Armor
27:25 Iron Casting
27:42 Arson
28:00 Squires
Alexander
10:49 Feudal Age
13:15 Bloodlines
19:30 Castle Age
18:08 Horse Collar
18:40 Double-Bit Axe
19:08 Gold Mining
19:34 Scale Barding Armor
20:17 Husbandry
22:52 Loom
24:55 Chain Barding Armor
27:41 Gold Shaft Mining
27:42 Bow Saw
鸭子
10:32 Feudal Age
16:05 Castle Age
15:32 Bloodlines
15:30 Scale Barding Armor
19:11 Double-Bit Axe
25:24 Loom
Vic
3:56 Loom
10:17 Feudal Age
11:07 Double-Bit Axe
15:26 Forging
14:54 Champi Runner
16:52 Horse Collar
18:51 Scale Mail Armor
22:50 Castle Age
23:14 Gold Mining
22:52 Champi Warrior
24:13 Iron Casting
23:46 Town Watch
24:19 Squires
27:13 Chain Mail Armor
27:15 Pikeman
zhazhahui
9:20 Loom
11:06 Feudal Age
20:40 Double-Bit Axe
26:11 Fletching
Codiman
5:16 Loom
10:49 Feudal Age
16:21 Castle Age
16:41 Light Cavalry
18:09 Forging
19:34 Scale Barding Armor
27:49 Double-Bit Axe
Connection lost

Rejoining the realm…

Still unreachable

The connection could not be restored.

Session expired

The server has moved on; the page needs a fresh start.